| TOP OF THE 1ST |
|
Miami Beach Marlins batting - Pitching for Americus Braves : RHP Rick Grenfell
|
|
Pitching: RHP Rick Grenfell
|
|
|
Batting: LHB Jose Bregaro
|
0-0: Called Strike 0-1: Swinging Strike 0-2: Ground out 4-3 (Groundball, 4S, EV 93.8 MPH)
|
|
Batting: LHB Eric Bailey
|
0-0: Ball 1-0: Called Strike 1-1: Swinging Strike 1-2: Strikes out swinging, 2-3 out at first.
|
|
Batting: RHB Dale Young
|
0-0: Foul Ball, location: 2F 0-1: Ball 1-1: Ball 2-1: Ball 3-1: Foul Ball, location: 2F 3-2: Base on Balls
|
|
Batting: RHB Tony Stedman
|
0-0: Called Strike 0-1: Ball 1-1: Ball 2-1: Foul Ball, location: 2F 2-2: Fly out, F8 (Flyball, 8LM, EV 94.4 MPH)
|
| Top of the 1st over - 0 runs, 0 hits, 0 errors, 1 left on base; Miami Beach 0 - Americus 0 |
| BOTTOM OF THE 1ST |
|
Americus Braves batting - Pitching for Miami Beach Marlins : LHP Byron Copeland
|
|
Pitching: LHP Byron Copeland
|
|
|
Batting: RHB Joe Young
|
0-0: Foul Ball, location: 2F 0-1: Ball 1-1: SINGLE (Groundball, 4D, EV 96.3 MPH)
|
|
Batting: RHB Yojiro Hayashi
|
0-0: Ball 1-0: Called Strike 1-1: Ball 2-1: Ball 3-1: Called Strike 3-2: Foul Ball, location: 2F 3-2: Foul Ball, location: 2F 3-2: Base on Balls Joe Young to second
|
|
Batting: RHB Josh McCormick
|
0-0: Called Strike 0-1: SINGLE (Line Drive, 7LS, EV 105.6 MPH) Joe Young to third Yojiro Hayashi to second
|
|
Batting: LHB Ryan Murdock
|
0-0: Called Strike 0-1: Ball 1-1: Ball 2-1: Ball 3-1: Base on Balls Joe Young scores Yojiro Hayashi to third Josh McCormick to second
|
|
Batting: RHB Terry Hughes
|
0-0: Swinging Strike 0-1: Foul Ball, location: 2F 0-2: Ball 1-2: Grounds into double play, 6-4-3 (Groundball, 6, EV 81.9 MPH) Yojiro Hayashi scores Josh McCormick to third
|
|
Batting: LHB Mark Dearth
|
0-0: Foul Ball, location: 2F 0-1: Called Strike 0-2: Foul Ball, location: 2F 0-2: Ball 1-2: Foul Ball, location: 2F 1-2: Ball 2-2: Ball 3-2: Strikes out looking
|
| Bottom of the 1st over - 2 runs, 2 hits, 0 errors, 1 left on base; Miami Beach 0 - Americus 2 |
| TOP OF THE 2ND |
|
Miami Beach Marlins batting - Pitching for Americus Braves : RHP Rick Grenfell
|
|
Batting: RHB Willie Chavez
|
0-0: Called Strike 0-1: Foul Ball, location: 2F 0-2: Hit by Pitch
|
|
Batting: RHB Erik Coleman
|
0-0: Swinging Strike 0-1: Ball 1-1: Ball Wild Pitch! Willie Chavez to second 2-1: Foul Ball, location: 2F 2-2: Fly out, F9 (Flyball, 89D, EV 90.0 MPH) Runner from 2nd tags up, SAFE at 3rd, no throw by RF
|
|
Batting: RHB J.D. Vander Klok
|
0-0: SINGLE (Groundball, 6, EV 99.4 MPH) Willie Chavez scores
|
|
Batting: RHB Andy Kelly
|
0-0: Ball 1-0: Ball 2-0: Called Strike 2-1: Foul Ball, location: 2F 2-2: Fly out, F8 (Flyball, 8LXD, EV 98.8 MPH)
|
|
Batting: RHB Axel Moltke
|
0-0: Ball 1-0: Ball 2-0: Foul Ball, location: 2F 2-1: Called Strike 2-2: Fly out, F8 (Flyball, 8RD, EV 97.5 MPH)
|
| Top of the 2nd over - 1 run, 1 hit, 0 errors, 1 left on base; Miami Beach 1 - Americus 2 |
| BOTTOM OF THE 2ND |
|
Americus Braves batting - Pitching for Miami Beach Marlins : LHP Byron Copeland
|
|
Batting: RHB Gerard Michel
|
0-0: Ball 1-0: Ball 2-0: Ball 3-0: Base on Balls
|
|
Batting: LHB Tamaichi Sasada
|
0-0: Ball 1-0: Ball 2-0: Called Strike 2-1: Foul Ball, location: 2F 2-2: Grounds into double play, 3-6-3 (Groundball, 34S, EV 92.5 MPH)
|
|
Batting: RHB George Provance
|
0-0: Ball 1-0: Foul Ball, location: 2F 1-1: Ground out 6-3 (Groundball, 6, EV 90.6 MPH)
|
| Bottom of the 2nd over - 0 runs, 0 hits, 0 errors, 0 left on base; Miami Beach 1 - Americus 2 |
| TOP OF THE 3RD |
|
Miami Beach Marlins batting - Pitching for Americus Braves : RHP Rick Grenfell
|
|
Batting: LHB Jose Bregaro
|
0-0: Ball 1-0: Called Strike 1-1: Ball 2-1: Swinging Strike 2-2: Ball 3-2: Base on Balls
|
|
Batting: LHB Eric Bailey
|
0-0: Ball 1-0: Fly out, F3 (Popup, 3SF, EV 70.6 MPH)
|
|
Batting: RHB Dale Young
|
0-0: Ball Jose Bregaro steals 2nd, throwing error, E2 Jose Bregaro to third 1-0: Ball 2-0: Called Strike 2-1: 2-RUN HOME RUN (Flyball, 9D, EV 98.1 MPH), Distance : 384 ft
|
|
Batting: RHB Tony Stedman
|
0-0: Ball 1-0: Fly out, F9 (Line Drive, 9, EV 93.8 MPH)
|
|
Batting: RHB Willie Chavez
|
0-0: Ball 1-0: Ball 2-0: Called Strike 2-1: Ball 3-1: Base on Balls
|
|
Batting: RHB Erik Coleman
|
0-0: Ball 1-0: DOUBLE (Line Drive, 9D, EV 91.3 MPH) Willie Chavez to third Runner from 3rd tries for Home, SAFE, throw by RF to trailing runner, SAFE at third!
|
|
Batting: RHB J.D. Vander Klok
|
0-0: DOUBLE (Flyball, 8LXD, EV 93.1 MPH) Erik Coleman scores
|
|
Batting: RHB Andy Kelly
|
0-0: Swinging Strike 0-1: Foul Ball, location: 2F 0-2: Ball 1-2: Strikes out looking
|
| Top of the 3rd over - 4 runs, 3 hits, 1 error, 1 left on base; Miami Beach 5 - Americus 2 |
| BOTTOM OF THE 3RD |
|
Americus Braves batting - Pitching for Miami Beach Marlins : LHP Byron Copeland
|
|
Batting: RHB Joe Young
|
0-0: Ball 1-0: Ground out 5-3 (Groundball, 56S, EV 73.1 MPH)
|
|
Batting: RHB Yojiro Hayashi
|
0-0: Ball 1-0: Ball 2-0: Called Strike 2-1: Foul Ball, location: 2F 2-2: SINGLE (Groundball, 56, EV 101.3 MPH)
|
|
Batting: RHB Josh McCormick
|
0-0: Foul Ball, location: 2F 0-1: Ball 1-1: SINGLE (Groundball, 56D, EV 104.4 MPH) (infield hit) Yojiro Hayashi to second
|
|
Batting: LHB Ryan Murdock
|
0-0: Ball 1-0: Foul Ball, location: 2F 1-1: Ball 2-1: Foul Ball, location: 2F 2-2: Ball 3-2: Foul Ball, location: 2F 3-2: Foul Ball, location: 2F 3-2: SINGLE (Groundball, 34D, EV 103.8 MPH) Yojiro Hayashi to third Josh McCormick to second Runner from 3rd tries for Home, SAFE, throw by RF to home
|
|
Batting: RHB Terry Hughes
|
0-0: SINGLE (Flyball, 7S, EV 80.6 MPH) Josh McCormick to third Ryan Murdock to second
|
|
Batting: LHB Mark Dearth
|
0-0: Ball 1-0: Swinging Strike 1-1: Foul Ball, location: 2F 1-2: Ball 2-2: Strikes out swinging
|
|
Batting: RHB Gerard Michel
|
0-0: Ball 1-0: Called Strike 1-1: Fly out, F9 (Line Drive, 9, EV 101.9 MPH)
|
| Bottom of the 3rd over - 1 run, 4 hits, 0 errors, 3 left on base; Miami Beach 5 - Americus 3 |
| TOP OF THE 4TH |
|
Miami Beach Marlins batting - Pitching for Americus Braves : RHP Rick Grenfell
|
|
Batting: RHB Axel Moltke
|
0-0: Ball 1-0: Fly out, F2 (Popup, 2R, EV 90.0 MPH)
|
|
Batting: LHB Jose Bregaro
|
0-0: Called Strike 0-1: Called Strike 0-2: Strikes out looking
|
|
Batting: LHB Eric Bailey
|
0-0: Ball 1-0: Foul Ball, location: 2F 1-1: Ball 2-1: SINGLE (Groundball, 56D, EV 108.8 MPH)
|
|
Batting: RHB Dale Young
|
0-0: Called Strike Eric Bailey steals 2nd base 0-1: Ball 1-1: Ball 2-1: Foul Ball, location: 2F 2-2: Ball 3-2: Foul Ball, location: 2F 3-2: Base on Balls
|
|
Batting: RHB Tony Stedman
|
0-0: Foul Ball, location: 2F 0-1: Ball 1-1: Called Strike 1-2: Ball 2-2: Foul Ball, location: 2F 2-2: Ball 3-2: Strikes out looking
|
| Top of the 4th over - 0 runs, 1 hit, 0 errors, 2 left on base; Miami Beach 5 - Americus 3 |
| BOTTOM OF THE 4TH |
|
Americus Braves batting - Pitching for Miami Beach Marlins : LHP Byron Copeland
|
|
Batting: LHB Tamaichi Sasada
|
0-0: Ball 1-0: Ground out U3 (Groundball, 3, EV 81.3 MPH)
|
|
Batting: RHB George Provance
|
0-0: Ball 1-0: Ball 2-0: Called Strike 2-1: Ground out 6-3 (Groundball, 6D, EV 105.0 MPH)
|
|
Batting: RHB Joe Young
|
0-0: Ball 1-0: Called Strike 1-1: Swinging Strike 1-2: Strikes out swinging
|
| Bottom of the 4th over - 0 runs, 0 hits, 0 errors, 0 left on base; Miami Beach 5 - Americus 3 |
| TOP OF THE 5TH |
|
Miami Beach Marlins batting - Pitching for Americus Braves : RHP Rick Grenfell
|
|
Batting: RHB Willie Chavez
|
0-0: Swinging Strike 0-1: Foul Ball, location: 2F 0-2: Ball 1-2: Ball 2-2: Strikes out swinging
|
|
Batting: RHB Erik Coleman
|
0-0: Swinging Strike 0-1: Ball 1-1: Fly out, F6 (Line Drive, 6, EV 72.5 MPH)
|
|
Batting: RHB J.D. Vander Klok
|
0-0: Called Strike 0-1: Ball 1-1: Ball 2-1: Ball 3-1: Foul Ball, location: 2F 3-2: Base on Balls
|
|
Pitching: RHP Jessie Mattei
|
|
|
Batting: RHB Andy Kelly
|
0-0: Ball J.D. Vander Klok steals 2nd base 1-0: Ball 2-0: Swinging Strike 2-1: Foul Ball, location: 2F 2-2: Ball 3-2: SINGLE (Groundball, 6M, EV 80.0 MPH) (infield hit) J.D. Vander Klok to third
|
|
Batting: RHB Axel Moltke
|
0-0: Ball 1-0: Called Strike 1-1: Foul Ball, location: 2F 1-2: Ground out 5-3 (Groundball, 56S, EV 80.0 MPH)
|
| Top of the 5th over - 0 runs, 1 hit, 0 errors, 2 left on base; Miami Beach 5 - Americus 3 |
| BOTTOM OF THE 5TH |
|
Americus Braves batting - Pitching for Miami Beach Marlins : LHP Byron Copeland
|
|
Batting: RHB Yojiro Hayashi
|
0-0: Ball 1-0: Ball 2-0: Called Strike 2-1: Foul Ball, location: 2F 2-2: Foul Ball, location: 2F 2-2: Strikes out looking
|
|
Pitching: RHP Jorge Lara
|
|
|
Batting: RHB Josh McCormick
|
0-0: Foul Ball, location: 2F 0-1: Called Strike 0-2: Foul Ball, location: 2F 0-2: Foul Ball, location: 2F 0-2: Ball 1-2: Foul Ball, location: 2F 1-2: SOLO HOME RUN (Flyball, 78XD, EV 110.0 MPH), Distance : 431 ft
|
|
Batting: LHB Ryan Murdock
|
0-0: Foul Ball, location: 2F 0-1: Foul Ball, location: 2F 0-2: SOLO HOME RUN (Flyball, 9LD, EV 94.4 MPH), Distance : 354 ft
|
|
Batting: RHB Terry Hughes
|
0-0: Ball 1-0: Ground out 6-3 (Groundball, 6, EV 86.9 MPH)
|
|
Batting: LHB Mark Dearth
|
0-0: Foul Ball, location: 2F 0-1: Reached on error, E7 (Flyball, 7LS, EV 73.8 MPH)
|
|
Batting: RHB Gerard Michel
|
0-0: Ball 1-0: Ground out 6-3 (Groundball, 6, EV 84.4 MPH)
|
| Bottom of the 5th over - 2 runs, 2 hits, 1 error, 1 left on base; Miami Beach 5 - Americus 5 |
| TOP OF THE 6TH |
|
Miami Beach Marlins batting - Pitching for Americus Braves : RHP Jessie Mattei
|
|
Batting: LHB Jose Bregaro
|
0-0: Ball 1-0: Ball 2-0: Ball 3-0: Base on Balls
|
|
Batting: LHB Eric Bailey
|
0-0: Ball Jose Bregaro steals 2nd base (no throw) 1-0: Foul Ball, location: 2F 1-1: Ball 2-1: Foul Ball, location: 2F 2-2: Ball 3-2: Base on Balls
|
|
Pitching: RHP Armando Padron
|
|
|
Batting: RHB Dale Young
|
0-0: Fly out, F4 (Popup, 34D, EV 48.1 MPH)
|
|
Batting: RHB Tony Stedman
|
0-0: Swinging Strike 0-1: Fly out, F9 (Flyball, 9, EV 89.4 MPH)
|
|
Batting: RHB Willie Chavez
|
0-0: Swinging Strike 0-1: Ball 1-1: Ball 2-1: Fielders Choice at 2nd, 6-4 (Groundball, 6, EV 86.9 MPH)
|
| Top of the 6th over - 0 runs, 0 hits, 0 errors, 2 left on base; Miami Beach 5 - Americus 5 |
| BOTTOM OF THE 6TH |
|
Americus Braves batting - Pitching for Miami Beach Marlins : RHP Jorge Lara
|
|
Batting: LHB Tamaichi Sasada
|
0-0: Called Strike 0-1: Foul Ball, location: 2F 0-2: Foul Ball, location: 2F 0-2: Ball 1-2: Fly out, F9 (Line Drive, 9, EV 102.5 MPH)
|
|
Batting: RHB George Provance
|
0-0: Ball 1-0: Ball 2-0: Called Strike 2-1: Called Strike 2-2: Foul Ball, location: 2F 2-2: Ball 3-2: Strikes out looking
|
|
Batting: RHB Joe Young
|
0-0: Swinging Strike 0-1: Ball 1-1: Ball 2-1: Swinging Strike 2-2: Strikes out swinging
|
| Bottom of the 6th over - 0 runs, 0 hits, 0 errors, 0 left on base; Miami Beach 5 - Americus 5 |
| TOP OF THE 7TH |
|
Miami Beach Marlins batting - Pitching for Americus Braves : RHP Armando Padron
|
|
Pitching: RHP Greg Hart
|
|
|
Batting: RHB Erik Coleman
|
0-0: Ball 1-0: Called Strike 1-1: Ground out 6-3 (Groundball, 6M, EV 102.5 MPH)
|
|
Batting: RHB J.D. Vander Klok
|
0-0: Ball 1-0: Fly out, F7 (Flyball, 7LS, EV 93.8 MPH)
|
|
Batting: RHB Andy Kelly
|
0-0: Ball 1-0: Foul Ball, location: 2F 1-1: Foul Ball, location: 2F 1-2: Strikes out looking
|
| Top of the 7th over - 0 runs, 0 hits, 0 errors, 0 left on base; Miami Beach 5 - Americus 5 |
| BOTTOM OF THE 7TH |
|
Americus Braves batting - Pitching for Miami Beach Marlins : RHP Jorge Lara
|
|
Pitching: RHP Cory Levine
|
|
|
Batting: RHB Yojiro Hayashi
|
0-0: Called Strike 0-1: Ball 1-1: Ball 2-1: Fly out, F7 (Flyball, 7LM, EV 90.6 MPH)
|
|
Batting: RHB Josh McCormick
|
0-0: Called Strike 0-1: Called Strike 0-2: Strikes out swinging
|
|
Batting: LHB Ryan Murdock
|
0-0: Called Strike 0-1: Foul Ball, location: 2F 0-2: Strikes out swinging
|
| Bottom of the 7th over - 0 runs, 0 hits, 0 errors, 0 left on base; Miami Beach 5 - Americus 5 |
| TOP OF THE 8TH |
|
Miami Beach Marlins batting - Pitching for Americus Braves : RHP Greg Hart
|
|
Pitching: RHP Manny Rolfe
|
|
|
Pinch Hitting: LHB Angelo Estrella
|
0-0: Ball 1-0: Ball 2-0: Ball 3-0: Called Strike 3-1: Fly out, F9 (Flyball, 9S, EV 85.6 MPH)
|
|
Batting: LHB Jose Bregaro
|
0-0: Swinging Strike 0-1: Ball 1-1: Ball 2-1: Ball 3-1: Base on Balls
|
|
Batting: LHB Eric Bailey
|
0-0: Ball Jose Bregaro steals 2nd base 1-0: Intentional Walk
|
|
Batting: RHB Dale Young
|
0-0: Foul Ball, location: 2F 0-1: Swinging Strike 0-2: Ball 1-2: Foul Ball, location: 2F 1-2: Ball 2-2: Strikes out swinging
|
|
Batting: RHB Tony Stedman
|
0-0: Swinging Strike 0-1: Ground out 4-3 (Groundball, 4, EV 101.3 MPH)
|
| Top of the 8th over - 0 runs, 0 hits, 0 errors, 2 left on base; Miami Beach 5 - Americus 5 |
| BOTTOM OF THE 8TH |
|
Americus Braves batting - Pitching for Miami Beach Marlins : RHP Cory Levine
|
|
Now at 1B: Matt McKeon
|
|
|
Batting: RHB Terry Hughes
|
0-0: Called Strike 0-1: Ball 1-1: Ball 2-1: Ground out 5-3 (Groundball, 5, EV 81.9 MPH)
|
|
Batting: LHB Mark Dearth
|
0-0: Foul Ball, location: 2F 0-1: Ball 1-1: Called Strike 1-2: Strikes out looking
|
|
Batting: RHB Gerard Michel
|
0-0: Called Strike 0-1: Fly out, F4 (Line Drive, 4, EV 70.0 MPH)
|
| Bottom of the 8th over - 0 runs, 0 hits, 0 errors, 0 left on base; Miami Beach 5 - Americus 5 |
| TOP OF THE 9TH |
|
Miami Beach Marlins batting - Pitching for Americus Braves : RHP Manny Rolfe
|
|
Batting: RHB Willie Chavez
|
0-0: Ball 1-0: Called Strike 1-1: Fly out, F7 (Flyball, 7LS, EV 85.6 MPH)
|
|
Batting: RHB Erik Coleman
|
0-0: Ball 1-0: Ball 2-0: Called Strike 2-1: Fly out, F6 (Popup, 6MD, EV 51.3 MPH)
|
|
Batting: RHB J.D. Vander Klok
|
0-0: Ball 1-0: Fly out, F8 (Flyball, 8RXD, EV 105.6 MPH)
|
| Top of the 9th over - 0 runs, 0 hits, 0 errors, 0 left on base; Miami Beach 5 - Americus 5 |
| BOTTOM OF THE 9TH |
|
Americus Braves batting - Pitching for Miami Beach Marlins : RHP Cory Levine
|
|
Batting: LHB Tamaichi Sasada
|
0-0: Ball 1-0: Foul Ball, location: 2F 1-1: Ball 2-1: Ground out 4-3 (Groundball, 4S, EV 61.9 MPH)
|
|
Batting: RHB George Provance
|
0-0: Called Strike 0-1: Foul Ball, location: 2F 0-2: Ball 1-2: Strikes out looking
|
|
Batting: RHB Joe Young
|
0-0: Called Strike 0-1: Foul Ball, location: 2F 0-2: Strikes out looking
|
| Bottom of the 9th over - 0 runs, 0 hits, 0 errors, 0 left on base; Miami Beach 5 - Americus 5 |
| TOP OF THE 10TH |
|
Miami Beach Marlins batting - Pitching for Americus Braves : RHP Manny Rolfe
|
|
Pitching: RHP Gareth Cutts
|
|
|
Batting: RHB Andy Kelly
|
0-0: Ball 1-0: Ball 2-0: Foul Ball, location: 2F 2-1: Ball 3-1: Base on Balls
|
|
Batting: LHB Matt McKeon
|
0-0: Foul Ball, location: 2F 0-1: Ball Andy Kelly steals 2nd base 1-1: Foul Ball, location: 2F 1-2: Ball 2-2: Ball 3-2: Fly out, F6 (Popup, 6, EV 76.9 MPH)
|
|
Batting: LHB Jose Bregaro
|
0-0: Ball 1-0: Ball 2-0: Ball 3-0: Called Strike 3-1: Foul Ball, location: 2F 3-2: Foul Ball, location: 2F 3-2: SINGLE (Line Drive, 8RS, EV 95.6 MPH) Andy Kelly to third Runner from 3rd tries for Home, SAFE, throw by CF to home
|
|
Batting: LHB Eric Bailey
|
0-0: Ball 1-0: Called Strike 1-1: Ball 2-1: Called Strike 2-2: 2-RUN HOME RUN (Line Drive, 9D, EV 98.8 MPH), Distance : 400 ft
|
|
Batting: RHB Dale Young
|
0-0: Ball 1-0: Swinging Strike 1-1: Ball 2-1: Ball 3-1: Ground out 6-3 (Groundball, 6, EV 85.0 MPH)
|
|
Batting: RHB Tony Stedman
|
0-0: Ground out 4-3 (Groundball, 4, EV 102.5 MPH)
|
| Top of the 10th over - 3 runs, 2 hits, 0 errors, 0 left on base; Miami Beach 8 - Americus 5 |
| BOTTOM OF THE 10TH |
|
Americus Braves batting - Pitching for Miami Beach Marlins : RHP Cory Levine
|
|
Batting: RHB Yojiro Hayashi
|
0-0: Ball 1-0: Fly out, F6 (Flyball, 5D, EV 83.8 MPH)
|
|
Batting: RHB Josh McCormick
|
0-0: Called Strike 0-1: Ground out 6-3 (Groundball, 6, EV 88.1 MPH)
|
|
Batting: LHB Ryan Murdock
|
0-0: Foul Ball, location: 2F 0-1: Ball 1-1: Swinging Strike 1-2: Foul Ball, location: 2F 1-2: Ball 2-2: Ball 3-2: Ground out 2-3 (Groundball, 2L, EV 66.3 MPH)
|
| Bottom of the 10th over - 0 runs, 0 hits, 0 errors, 0 left on base; Miami Beach 8 - Americus 5 |
|